 Dungeon Crawl Stone Soup version 0.28-a0-80-g9707f7362f (webtiles) character file.

Game seed: 3697133530137841939

102652 duskshroud the Brawler (level 15, -9/154 HPs)
             Began as a Troll Monk on Aug 5, 2021.
             Was the Champion of Wu Jian.
             Mangled by duskshroud's illusion (illusionary) (20 damage)
             ... woven by Mara
             ... on level 3 of the Spider Nest on Aug 6, 2021.
             The game lasted 01:45:30 (22719 turns).

duskshroud the Brawler (Troll Monk)                Turns: 22719, Time: 01:45:31

Health: -9/154     AC:  9    Str: 24      XL:     15   Next: 86%
Magic:  14/14      EV: 14    Int:  6      God:    Wu Jian [******]
Gold:   1088       SH: 11    Dex: 15 (16) Spells: 14/14 levels left

rFire   . . .      SeeInvis +     - Unarmed
rCold   . . .      Faith    .   t - +0 kite shield
rNeg    . . .      Spirit   .   P - +2 robe {Will+}
rPois   +          Reflect  .   (helmet restricted)
rElec   .          Harm     .   w - +2 cloak {Stlth+}
rCorr   .          Rampage  .   (gloves unavailable)
Will    ++...                   (boots unavailable)
Stlth   +++.......              C - amulet of the acrobat
HPRegen 1.35/turn               V - ring of see invisible
MPRegen 0.14/turn               Q - ring of poison resistance

@: no status effects
A: large, unfitting armour, claws 3, regeneration 1, shaggy fur 1, tough skin 1
a: Renounce Religion, Wall Jump, Serpent's Lash, Heavenly Storm


You were on level 3 of the Spider Nest.
You worshipped Wu Jian.
Wu Jian was exalted by your worship.
You visited 5 branches of the dungeon, and saw 26 of its levels.

You collected 1600 gold pieces.
You spent 512 gold pieces at shops.

Inventory:

Hand Weapons
 a - a +1 flail of protection
 b - a +2 whip of electrocution
 c - a +0 fustibalus of flaming
Missiles
 d - 4 javelins
 j - 10 large rocks
 p - 5 boomerangs
 y - 32 poisoned darts (quivered)
 L - 10 silver javelins
 Y - 169 sling bullets
Armour
 t - a +0 kite shield (worn)
 w - a +2 cloak of stealth (worn)
 P - a +2 robe of willpower (worn)
Magical Staves
 O - a staff of fire
Jewellery
 f - a ring of wizardry
 n - a ring of wizardry
 q - a ring of resist corrosion
 v - a ring of protection from fire
 C - an amulet of the acrobat (around neck)
 E - a ring of positive energy
 F - a +4 ring of evasion
 M - a ring of willpower
 Q - a ring of poison resistance (right claw)
 V - a ring of see invisible (left claw)
 X - a ring of positive energy
Wands
 i - a wand of mindburst (21)
 l - a wand of iceblast (23)
 s - a wand of polymorph (4)
 u - a wand of flame (66)
 G - a wand of paralysis (14)
 K - a wand of digging (18)
 R - a wand of charming (18)
Scrolls
 g - a scroll of silence
 h - 5 scrolls of teleportation
 k - 4 scrolls of amnesia
 m - 3 scrolls of fear
 o - 10 scrolls of magic mapping
 x - 3 scrolls of fog
 B - a scroll of enchant weapon
 I - a scroll of summoning
 T - 3 scrolls of identify
 U - a scroll of brand weapon
Potions
 e - 4 potions of might
 r - 4 potions of heal wounds
 z - 3 potions of flight
 A - 6 potions of brilliance
 D - 9 potions of curing
 H - a potion of haste
 J - a potion of ambrosia
Miscellaneous
 N - a condenser vane


   Skills:
 * Level 11.4 Fighting
 - Level 9.0 Throwing
 - Level 10.0 Dodging
 - Level 1.0 Stealth
 - Level 9.0 Shields
 * Level 17.1 Unarmed Combat
 + Level 3.7 Evocations


You had 14 spell levels left.
You didn't know any spells.
Your spell library contained the following spells:

 Spells                   Type           Power      Damage    Failure   Level
 Animate Skeleton         Necr           0%         N/A       45%         1
 Sandblast                Erth           0%         2d4       45%         1
 Blink                    Tloc           N/A        N/A       58%         2
 Passwall                 Tmut/Erth      0%         N/A       58%         2
 Slow                     Hex            0%         N/A       58%         2
 Confusing Touch          Hex            0%         N/A       83%         3
 Gell's Gravitas          Tloc           0%         N/A       83%         3
 Lesser Beckoning         Tloc           0%         N/A       83%         3
 Mephitic Cloud           Conj/Pois/Air  0%         N/A       83%         3
 Swiftness                Air            0%         N/A       83%         3
 Teleport Other           Tloc           0%         N/A       83%         3
 Vampiric Draining        Necr           0%         2d6       83%         3
 Summon Ice Beast         Ice/Summ       0%         N/A       99%         4
 Summon Lightning Spire   Summ/Air       0%         N/A       99%         4
 Blade Hands              Tmut           0%         N/A       100%        5
 Freezing Cloud           Conj/Ice/Air   0%         6-21      100%        5
 Irradiate                Conj/Tmut      0%         3d13      100%        5
 Lee's Rapid Deconstruct  Erth           0%         3d5*      100%        5
 Manifold Assault         Tloc           0%         N/A       100%        5
 Summon Mana Viper        Hex/Summ       0%         N/A       100%        5
 Conjure Ball Lightning   Conj/Air       0%         3x3d6     100%        6
 Dispersal                Tloc           0%         N/A       100%        6
 Invisibility             Hex            0%         N/A       100%        6
 Simulacrum               Ice/Necr       0%         N/A       100%        6
 Dragon Form              Tmut           0%         N/A       100%        7
 Monstrous Menagerie      Summ           0%         N/A       100%        7
 Storm Form               Tmut/Air       0%         N/A       100%        7
 Borgnjor's Revivificati  Necr           0%         N/A       100%        8
 Maxwell's Capacitive Co  Air            0%         ∞         100%        8
 Polar Vortex             Ice            0%         N/A       100%        9


Dungeon Overview and Level Annotations

Branches:
Dungeon (15/15)            Temple (1/1) D:4            Lair (6/6) D:9
  Swamp (0/4) Lair:2       Spider (3/4) Lair:3        Slime (0/5) Lair:6
    Orc (0/2) D:12         Vaults (0/5) D:14         Depths (1/5) D:15

Altars:
Ashenzari
Cheibriados
Dithmenos
Elyvilon
Fedhas
Gozag
Hepliaklqana
Kikubaaqudgha
Makhleb
Nemelex Xobeh
Okawaru
Qazlal
Ru
Sif Muna
Trog
Uskayaw
Vehumet
Wu Jian
Xom
Yredelemnul
Zin
The Shining One
Beogh

Shops:
D:1 *   D:5 (::!:   D:8 (   D:12 [   D:13 [

Annotations:
Lair:4 2 transporters, exclusions: 2 ice statues and 3 oklob plants
Spider:3 Mara


Innate Abilities, Weirdness & Mutations

You are too large for most types of armour.
You have claws for hands.
Your natural rate of healing is unusually fast.
You are covered in fur. (AC +1)
You have tough skin. (AC +1)


Message History

You throw a poisoned dart. The poisoned dart hits the tarantella!!
The tarantella is poisoned.
You kill the tarantella!
The Council accepts your kill.
Throw: 33 darts (poison)
Press: ? - help, Q - select action, (/) - cycle Shift-Dir - straight line, f/p - Mara
Aim: Mara, wielding a +3 demon trident of electrocution and wearing a +2 robe of resistance (57% to hit)
You throw a poisoned dart. The poisoned dart hits Mara!!
Mara blinks!
You lunge at Mara.
You claw Mara!
Mara is lightly wounded.
Mara weaves an illusion.
Mara shimmers and seems to become three!
You mangle Mara!!
Mara is heavily wounded.
Mara barely misses you. x2
Mara gestures at you.
There is a horrible, sudden wrenching feeling in your soul!
Mara hits you with a +3 demon trident of electrocution!!
You are electrocuted!
Mara hits you from afar with a +3 demon trident of electrocution!
You are electrocuted!
You spin and attack Mara.
You barely miss Mara.
Mara is lightly wounded.
You spin and attack Mara.
You barely miss Mara.
Mara is heavily wounded.
Mara completely misses you.
Mara hits you with a +3 demon trident of electrocution!!
You are electrocuted!
You block Mara's attack.
As you read the scroll of fear, it crumbles to dust.
You assume a fearsome visage.
Mara is unaffected. x3
Duskshroud's illusion easily resists.
Mara blinks!
Mara hits you with a +3 demon trident of electrocution!!
* * * LOW HITPOINT WARNING * * *
You are electrocuted!!
* * * LOW HITPOINT WARNING * * *
Mara hits you with a +3 demon trident of electrocution!
* * * LOW HITPOINT WARNING * * *
Duskshroud's illusion hits you!!
You die...

### #### ##≈##
#..###.≈≈####
###..#.#..#≈≈≈#
#≈≈.......R#≈###
.#^#≈.....R@#≈((.#
...####..§R@.#(..#
#.^^...#..##..##.†s.#
# #....#..<#### ....#
#≈##.....# .(#≈
#!....### (# ##....#
.# .........
......##.. .....# ..^


You could see 3 Maras and duskshroud's illusion.

Vanquished Creatures
  A shard shrike (shapeshifter) (D:15)
  An emperor scorpion (Spider:2)
  A ghost moth (Spider:2)
  2 very ugly things (D:15)
  2 entropy weavers
  A great orb of eyes (D:15)
  3 rakshasas
  6 vault guards (D:14)
  7 hydras
  4 boulder beetles
  A catoblepas (Lair:6)
  3 centaur warriors
  5 two-headed ogres
  9 death yaks
  A deep troll shaman (Lair:6)
  4 skeletal warriors (D:15)
  3 orc knights (D:15)
  A lindwurm (Lair:6)
  Pikel (D:7)
  A wizard (D:14)
  A cyclops (shapeshifter) (D:15)
  5 orb spiders
  2 manticores
  7 wolf spiders
  2 cyclopes
  2 deep elf pyromancers
  6 ugly things
  4 black mambas
  4 torpor snails
  11 elephants
  7 cane toads
  A gargoyle (D:11)
  14 komodo dragons
  2 unseen horrors (D:11)
  2 demonic crawlers
  3 rime drakes
  4 jumping spiders
  A hornet (shapeshifter) (D:14)
  6 meliai
  A troll (D:10)
  Prince Ribbit (D:5)
  6 polar bears
  3 hornets
  12 slime creatures
  14 blink frogs
  28 redbacks
  14 dream sheep
  Sigmund (D:2)
  13 tarantellas
  6 wyverns
  A fire elemental (D:14)
  4 wraiths
  A chaos spawn (Depths:1)
  62 yaks
  2 basilisks
  3 vampire mosquitoes (D:11)
  2 steam dragons
  An acid dragon (D:12)
  12 water moccasins
  9 orc warriors
  3 black bears
  An ogre (D:15)
  17 wolves
  10 centaurs
  A kobold brigand (D:9)
  8 bullfrogs
  3 scorpions
  6 killer bees (D:9)
  4 wights (D:9)
  2 electric eels
  5 howler monkeys
  6 centaur zombies
  6 orc priests
  7 hounds
  3 jellies
  A bullfrog skeleton (D:6)
  2 centaur skeletons
  Crazy Yiuf (D:4)
  An iguana (D:5)
  Natasha (thrice) (D:4)
  6 hell rats
  11 orc wizards
  A hound zombie (D:5)
  2 howler monkey zombies
  2 howler monkey skeletons
  8 adders
  A white imp (D:8)
  An ufetubus (D:7)
  2 adder skeletons (D:4)
  A worm (D:2)
  A dart slug (D:1)
  60 orcs
  4 endoplasms
  2 goblins
  2 hobgoblins
  3 jackals (D:2)
  10 kobolds
  6 quokkas
  4 ball pythons
  4 bats
  12 frilled lizards
  7 rats
  A butterfly (Lair:3)
578 creatures vanquished.

Vanquished Creatures (others)
  29 fungi
  61 plants
90 creatures vanquished.

Grand Total: 668 creatures vanquished

Notes
Turn   | Place    | Note
-------+----------+-------------------------------------------
     0 | D:1      | duskshroud the Troll Monk began the quest for the Orb.
     0 | D:1      | Reached XP level 1. HP: 22/22 MP: 0/0
   108 | D:1      | Reached XP level 2. HP: 29/29 MP: 1/1
   357 | D:1      | Found Coluitu's Assorted Antiques.
   497 | D:2      | Noticed a golden eye
   500 | D:2      | Found a faded altar of an unknown god.
   504 | D:2      | Noticed a golden eye
   532 | D:2      | Noticed a shining eye
   532 | D:2      | Noticed a golden eye
   672 | D:2      | Noticed Sigmund
   679 | D:2      | Killed Sigmund
   680 | D:2      | Reached skill level 5 in Unarmed Combat
   680 | D:2      | Reached XP level 3. HP: 27/37 MP: 2/2
   680 | D:2      | Reached XP level 4. HP: 33/45 MP: 3/3
   680 | D:2      | Reached XP level 5. HP: 38/53 MP: 4/4
  1324 | D:3      | Reached XP level 6. HP: 59/62 MP: 5/5
  1646 | D:3      | Reached skill level 6 in Unarmed Combat
  1874 | D:4      | Noticed Natasha
  1881 | D:4      | Killed Natasha
  2012 | D:4      | Found a runed translucent door.
  2013 | D:4      | Noticed Crazy Yiuf
  2070 | D:4      | Noticed Natasha
  2071 | D:4      | Found a staircase to the Ecumenical Temple.
  2077 | D:4      | Killed Natasha
  2198 | D:4      | Found a white marble altar of Elyvilon.
  2230 | D:4      | Noticed Natasha
  2237 | D:4      | Killed Natasha
  2283 | D:4      | Reached XP level 7. HP: 68/70 MP: 6/6
  2415 | Temple   | Entered the Ecumenical Temple
  2581 | Temple   | Became a worshipper of the Wu Jian Council
  2581 | Temple   | Reached * piety under Wu Jian
  2581 | Temple   | Reached ** piety under Wu Jian
  2783 | D:4      | Killed Crazy Yiuf
  2784 | D:4      | Reached skill level 7 in Unarmed Combat
  2861 | D:5      | Entered Level 5 of the Dungeon
  2861 | D:5      | Noticed a wraith
  2874 | D:5      | Killed a wraith
  2875 | D:5      | Reached skill level 1 in Shields
  2919 | D:5      | Found Xeixeppag's Antique Weapon Boutique.
  2935 | D:5      | Found Marghanu's Book Boutique.
  3101 | D:5      | Reached XP level 8. HP: 70/79 MP: 7/7
  3178 | D:5      | Noticed Prince Ribbit
  3186 | D:5      | Reached skill level 8 in Unarmed Combat
  3264 | D:5      | Found Imyas's Book Shoppe.
  3320 | D:5      | Found Eneitirgh's Distillery.
  3324 | D:5      | Bought a potion of flight for 33 gold pieces
  3324 | D:5      | Bought a potion of might for 44 gold pieces
  3324 | D:5      | Bought a potion of degeneration for 11 gold pieces
  3324 | D:5      | Bought a potion of lignification for 33 gold pieces
  3324 | D:5      | Bought a potion of heal wounds for 55 gold pieces
  3364 | D:5      | Found an ancient bone altar of Kikubaaqudgha.
  3489 | D:5      | Killed Prince Ribbit
  3490 | D:5      | Reached skill level 5 in Fighting
  3533 | D:5      | Found Meerimacuwk's Book Emporium.
  3991 | D:6      | Reached skill level 9 in Unarmed Combat
  4240 | D:7      | Noticed a hornet
  4248 | D:7      | Killed a hornet
  4506 | D:7      | Noticed Pikel
  4522 | D:7      | Killed Pikel
  4523 | D:7      | Reached skill level 10 in Unarmed Combat
  4523 | D:7      | Reached XP level 9. HP: 24/88 MP: 8/8
  4693 | D:7      | Reached skill level 5 in Shields
  5039 | D:7      | Reached skill level 11 in Unarmed Combat
  5160 | D:8      | Reached XP level 10. HP: 96/96 MP: 9/9
  5189 | D:8      | Found Mutulorph's Weapon Shoppe.
  5478 | D:8      | Reached *** piety under Wu Jian
  5560 | D:8      | Found a glowing silver altar of Zin.
  5560 | D:8      | Noticed an angel
  5889 | D:9      | Reached skill level 12 in Unarmed Combat
  5983 | D:9      | Found a radiant altar of Vehumet.
  6138 | D:9      | Found a glowing golden altar of the Shining One.
  6262 | D:9      | Noticed a two-headed ogre
  6288 | D:9      | Killed a two-headed ogre
  6423 | D:9      | Found a staircase to the Lair.
  6493 | D:9      | Noticed a brown ugly thing
  6510 | D:9      | Killed a brown ugly thing
  6531 | D:9      | Identified the +6 short sword of Urymood {pain, Dex+3}
  6674 | D:9      | Found a shadowy altar of Dithmenos.
  6850 | Lair:1   | Entered Level 1 of the Lair of Beasts
  6853 | Lair:1   | Identified the +1 leather armour of Winter {rN+ Will-
                  | Str+4}
  6863 | Lair:1   | Noticed a four-headed hydra
  6865 | Lair:1   | Reached skill level 13 in Unarmed Combat
  6934 | D:10     | Entered Level 10 of the Dungeon
  6947 | D:10     | Found a blossoming altar of Fedhas.
  6988 | D:10     | Found a shimmering altar of Xom.
  7022 | D:10     | Found a sparkling altar of Nemelex Xobeh.
  7058 | D:10     | Reached **** piety under Wu Jian
  7156 | D:10     | Reached XP level 11. HP: 95/102 MP: 10/10
  7206 | D:10     | Identified the +2 chain mail of the Forest {rElec Will-
                  | Int+3}
  7210 | D:10     | Found a basalt altar of Yredelemnul.
  7245 | D:10     | Noticed a two-headed ogre
  7257 | D:10     | Killed a two-headed ogre
  7912 | D:11     | Noticed a purple ugly thing
  7992 | D:11     | Killed a purple ugly thing
  8048 | D:11     | Reached skill level 14 in Unarmed Combat
  8101 | D:11     | You fall into a shaft and drop 2 floors!
  8402 | D:12     | Noticed a deep elf pyromancer
  8424 | D:12     | Killed a deep elf pyromancer
  8490 | D:12     | Found a staircase to the Orcish Mines.
  8672 | D:12     | Reached ***** piety under Wu Jian
  8748 | D:12     | Found a snail-covered altar of Cheibriados.
  8748 | D:12     | Found Cheibriados's Comfort Zone.
  8782 | D:12     | Noticed a +0 dagger
  8783 | D:12     | Noticed a +0 dagger
  8784 | D:12     | Found a hide-covered altar of Uskayaw.
  9195 | D:13     | Found Usaruf's Armour Shoppe.
  9199 | D:13     | Bought a +2 robe of willpower for 336 gold pieces
  9696 | D:13     | Noticed a two-headed ogre
  9696 | D:13     | Noticed a centaur warrior
  9712 | D:13     | Noticed a rakshasa
  9715 | D:13     | Noticed a white ugly thing
  9727 | D:13     | Killed a centaur warrior
  9731 | D:13     | Killed a two-headed ogre
  9732 | D:13     | Reached XP level 12. HP: 97/115 MP: 11/11
 10101 | Lair:1   | Killed a four-headed hydra
 10102 | Lair:1   | Reached skill level 15 in Unarmed Combat
 11461 | Lair:2   | Found a staircase to the Swamp.
 11863 | Lair:3   | Noticed a four-headed hydra
 11887 | Lair:3   | Killed a four-headed hydra
 11994 | Lair:3   | Found a hole to the Spider Nest.
 12078 | Lair:3   | Noticed a death yak
 12078 | Lair:3   | Noticed a death yak
 12078 | Lair:3   | Noticed a death yak
 12080 | Lair:3   | Noticed a death yak
 12080 | Lair:3   | Noticed a death yak
 12099 | Lair:3   | Killed a death yak
 12102 | Lair:3   | Killed a death yak
 12102 | Lair:3   | Killed a death yak
 12103 | Lair:3   | Reached skill level 5 in Dodging
 12103 | Lair:3   | Reached XP level 13. HP: 22/128 MP: 12/12
 12104 | Lair:3   | HP: 1/128 [death yak (23)]
 12927 | Lair:4   | Found a transporter.
 12990 | Lair:4   | Reached skill level 16 in Unarmed Combat
 13311 | Lair:4   | Found a transporter.
 13684 | Lair:4   | Reached skill level 1 in Throwing
 14697 | Lair:6   | Entered Level 6 of the Lair of Beasts
 14865 | Lair:6   | Reached ****** piety under Wu Jian
 15110 | Lair:5   | Reached skill level 10 in Fighting
 15110 | Lair:5   | Reached XP level 14. HP: 124/143 MP: 13/13
 15117 | Lair:5   | Reached skill level 5 in Throwing
 15435 | Lair:6   | Found a staircase to the Slime Pits.
 16874 | Lair:6   | Got Zyin's Grimoire of Necromancy and the Birds
 18323 | D:14     | Found a gate to the Vaults.
 18891 | D:14     | Reached skill level 10 in Dodging
 18986 | D:15     | Entered Level 15 of the Dungeon
 19222 | D:15     | Reached XP level 15. HP: 141/149 MP: 14/14
 19275 | D:15     | Reached skill level 1 in Evocations
 20056 | D:15     | Noticed a shard shrike
 20062 | D:15     | Killed a shard shrike
 20212 | D:15     | Identified the +3 leather armour of the Untouchables
                  | {Rampage *Corrode rElec Will++}
 20285 | D:15     | Found a staircase to the Depths.
 20293 | Depths:1 | Entered Level 1 of the Depths
 20691 | Spider:1 | Entered Level 1 of the Spider Nest
 22166 | Spider:2 | Reached skill level 17 in Unarmed Combat
 22344 | Spider:2 | Noticed a ghost moth
 22351 | Spider:2 | Killed a ghost moth
 22711 | Spider:3 | Noticed Mara
 22718 | Spider:3 | Noticed duskshroud's illusion
 22719 | Spider:3 | Mangled by duskshroud's illusion (illusionary)

Illustrated notes

Levels and vault maps discovered:
D:1:      erik_arrival_triangle_small, layout_rooms, serial_shops,
          nicolae_shop_overgrown_old_shop
D:2:      layout_loops_ring, hellmonk_ecumenical_altar_watching_god,
          minmay_lizard_king, uniq_sigmund
D:3:      layout_basic
D:4:      layout_cave_pools, nicolae_elyvilon_peaceful_grove, temple_pool_b,
          minivault_25, uniq_crazy_yiuf_cottage, uniq_natasha
D:5:      layout_basic, nicolae_kikubaaqudgha_miasma_corner, serial_shops,
          nicolae_shop_competitors_out_of_business, shop,
          nicolae_shop_statue_plus, nicolae_shop_crystal, shop,
          uniq_prince_ribbit1
D:6:      layout_rooms, lightli_orcish_oven
D:7:      layout_loops_corners, uniq_pikel
D:8:      layout_loops_ring, zin_angel, serial_shops, nicolae_shop_waterfront
D:9:      layout_roguey, lemuel_coloured_pillars_altar, vehumet_crystals,
          mainiacjoe_overflow_boulevard
D:10:     layout_layer_cave, mainiacjoe_overflow_small_starburst,
          fedhas_altar_2, mainiacjoe_overflow_concentric_impassable,
          mainiacjoe_overflow_chevrons, minivault_23
D:11:     layout_loops_ring, kennysheep_generic_room_10
D:12:     layout_long_grid, david_orc_5, minmay_shop_chei,
          dancing_weapons_uskayaw
D:13:     layout_basic, serial_shops, nicolae_shop_stone
D:14:     layout_basic, erik_vaults_2
D:15:     gammafunk_enter_depths_forms, layout_irregular_city,
          minmay_misc_feat_tower
Temple:   hc_temple_tempest_star
Lair:1:   layout_small_grid, nicolae_volcano_entry_two_sided
Lair:2:   layout_hall_layers, swamp_mist, grunt_megastairs_4
Lair:3:   layout_hall_layers, spider_nest_entry_a, lemuel_fruit_fields,
          serial_bayou_shore_b
Lair:4:   layout_gridlike, nzn_ghost_randoct, st_stairs_12,
          minmay_lair_oklob_chamber
Lair:5:   layout_hall_layers
Lair:6:   grunt_lair_end_beastmaster, layout_regular_city,
          minmay_slime_entry_pillars, infiniplex_staircase_pool_2,
          serial_bayou_shore_b, grunt_megastairs_5
Spider:1: layout_spider_delve, nicolae_spider_checkerboard
Spider:2: layout_spider_delve
Spider:3: layout_spider_delve, nicolae_arachne_temple, uniq_mara
Depths:1: layout_roguey, rand_demon_pan_entry_8, hell_entry,
          chequers_serial_rivers_micro_a, wad_rectangle_vault,
          serial_bayou_shore_a

Skill      XL: |  1  2  3  4  5  6  7  8  9 10 11 12 13 14 15 |
---------------+----------------------------------------------+-----
Fighting       | 3 4 5 6 8 10 11 | 11.4
Unarmed Combat | 5 6 7 10 11 13 14 15 16 17 | 17.1
Shields        | 1 4 5 7 8 9 |  9.0
Dodging        | 5 7 10 | 10.0
Throwing       | 4 9 |  9.0
Evocations     | 3 |  3.7
Stealth        | |  1.0

Action                   |  1- 3 |  4- 6 |  7- 9 | 10-12 | 13-15 || total
-------------------------+-------+-------+-------+-------+-------++-------
Melee: Unarmed           |    41 |   136 |   194 |   668 |  1249 ||  2288
       Punch             |     1 |     2 |     3 |     1 |       ||     7
       Dagger            |       |       |       |    13 |    17 ||    30
       Whip              |       |       |       |    13 |     2 ||    15
       Short sword       |       |       |       |       |    45 ||    45
       Trident           |       |       |       |       |     4 ||     4
 Fire: Fustibalus        |       |       |       |       |     8 ||     8
Throw: Dart              |       |       |     5 |    10 |    77 ||    92
       Large rock        |       |       |       |       |    62 ||    62
       Javelin           |       |       |       |       |     2 ||     2
Invok: Lunge             |       |       |    10 |    32 |    39 ||    81
       Whirlwind         |       |       |     1 |   231 |   278 ||   510
       Serpent's Lash    |       |       |       |     2 |    16 ||    18
Evoke: Wand              |       |       |     1 |     6 |     1 ||     8
  Use: Potion            |       |       |     1 |     3 |     3 ||     7
       Scroll            |       |       |       |    17 |     8 ||    25
 Stab: Sleeping          |     2 |     1 |     8 |     5 |     7 ||    23
       Distracted        |       |       |     1 |       |       ||     1
Armor: Robe              |     7 |    26 |    40 |   120 |   207 ||   400
Dodge: Dodged            |    18 |    67 |    79 |   248 |   710 ||  1122
Block: Kite shield       |       |     1 |       |   262 |   659 ||   922

Table legend: (Time is in decaauts)
 A = Elapsed time spent in this place.
 B = Non-inter-level travel time spent in this place.
 C = Inter-level travel time spent in this place.
 D = Time resting spent in this place.
 E = Time spent auto-exploring this place.
 F = Levels seen in this place.
 G = Mean time per level.
                   A        B        C        D        E       F      G
               +--------+--------+--------+--------+--------+-----+--------+
         Total |  22442 |  20816 |   1626 |   2302 |  12894 |  26 |  863.2 |
       Dungeon |  13385 |  12244 |   1141 |   1044 |   8439 |  15 |  892.3 |
        Temple |    175 |    167 |      8 |      0 |    147 |   1 |  175.0 |
          Lair |   7153 |   6699 |    454 |   1027 |   3279 |   6 | 1192.2 |
   Spider Nest |   1655 |   1632 |     23 |    231 |   1012 |   3 |  551.7 |
        Depths |     73 |     73 |      0 |      0 |     16 |   1 |   73.0 |
               +--------+--------+--------+--------+--------+-----+--------+

Top non-repeatable levels by time:
  Lair:6: 1939 daAuts
    D:13: 1372 daAuts
  Lair:3: 1329 daAuts
    D:15: 1313 daAuts
     D:9: 1226 daAuts
    D:10: 1159 daAuts
  Lair:4: 1145 daAuts
Spider:2: 1115 daAuts
     D:7: 1034 daAuts
    D:12: 1014 daAuts
  Lair:2: 1000 daAuts
     D:4: 938 daAuts
    D:14: 905 daAuts
  Lair:5: 882 daAuts
  Lair:1: 855 daAuts
